APP
BALTIMORE (APP) ORIOLES @ SEATTLE (APP) MARINERS
09/02/2045
 
TOP OF THE 1ST
Baltimore (APP) Orioles batting - Pitching for Seattle (APP) Mariners : RHP Raul Lopez
Pitching: RHP Raul Lopez
Batting: LHB Ralph Braine 0-0: Bunted foul
0-1: Ball
1-1: SINGLE (Line Drive, 8RS, EV 94.4 MPH)
Batting: RHB Ray Sims 0-0: Ball
Ralph Braine steals 2nd base
1-0: Ball
2-0: Ball
3-0: Called Strike
3-1: DOUBLE (Line Drive, 89D, EV 108.8 MPH)
Ralph Braine scores
Batting: RHB Daniel Jackson 0-0: Called Strike
0-1: Foul Ball, location: 2F
0-2: Fly out, F8 (Flyball, 89D, EV 90.0 MPH)
Runner from 2nd tags up, SAFE at 3rd, no throw by CF
Batting: RHB Danny Baeza 0-0: Reached on error, E5 (Groundball, 5, EV 102.5 MPH)
Ray Sims scores
Batting: RHB Mike Zepeda 0-0: Ball
1-0: Ball
2-0: Called Strike
2-1: Ball
3-1: Foul Ball, location: 2F
3-2: Foul Ball, location: 2F
3-2: Foul Ball, location: 2F
3-2: Strikes out swinging
Danny Baeza steals 2nd base (no throw)
Batter strikes out.
Batting: RHB Steve Jones 0-0: Called Strike
0-1: Ball
1-1: Fly out, F8 (Flyball, 8LD, EV 94.4 MPH)
Top of the 1st over - 2 runs, 2 hits, 1 error, 1 left on base; Baltimore (APP) 2 - Seattle (APP) 0
BOTTOM OF THE 1ST
Seattle (APP) Mariners batting - Pitching for Baltimore (APP) Orioles : RHP Jun-seok Pak
Pitching: RHP Jun-seok Pak
Batting: RHB Nick Edmunds 0-0: Called Strike
0-1: Swinging Strike
0-2: Strikes out swinging
Batting: LHB Taki Matsui 0-0: Ball
1-0: Called Strike
1-1: Ball
2-1: Ball
3-1: Foul Ball, location: 2F
3-2: Foul Ball, location: 2F
3-2: Base on Balls
Batting: RHB Ivan Davila 0-0: Ball
1-0: Foul Ball, location: 2F
1-1: Ball
2-1: Foul Ball, location: 2F
2-2: Ball
3-2: Foul Ball, location: 2F
3-2: Ground out 5-3 (Groundball, 5S, EV 68.8 MPH)
Taki Matsui to second
Batting: SHB Tony Morales 0-0: Ball
1-0: SINGLE (Groundball, 3D, EV 108.8 MPH)
Taki Matsui to third
Batting: RHB Heihachiro Fujita 0-0: Foul Ball, location: 2F
0-1: Ball
1-1: Ball
2-1: Ball
3-1: Called Strike
3-2: Foul Ball, location: 2F
3-2: Base on Balls
Tony Morales to second
Batting: RHB Victor Rosas 0-0: Called Strike
0-1: Swinging Strike
0-2: Ball
1-2: SINGLE (Groundball, 6M, EV 98.1 MPH) (infield hit)
Taki Matsui scores
Tony Morales to third
Heihachiro Fujita to second
Batting: LHB Brian Butler 0-0: Ball
1-0: Ball
Wild Pitch!
Tony Morales scores
Heihachiro Fujita to third
Victor Rosas to second
2-0: Called Strike
2-1: Called Strike
2-2: SINGLE (Line Drive, 8RS, EV 112.5 MPH)
Heihachiro Fujita scores
Victor Rosas to third
Runner from 3rd tries for Home, SAFE, throw by CF to home
Batting: RHB Jesus Santiago 0-0: Called Strike
Brian Butler steals 2nd base
0-1: Ground out 4-3 (Groundball, 4, EV 88.8 MPH)
Bottom of the 1st over - 4 runs, 3 hits, 0 errors, 1 left on base; Baltimore (APP) 2 - Seattle (APP) 4
TOP OF THE 2ND
Baltimore (APP) Orioles batting - Pitching for Seattle (APP) Mariners : RHP Raul Lopez
Batting: RHB Tony Godley 0-0: Ground out 5-3 (Groundball, 56S, EV 83.1 MPH)
Batting: RHB Matt Berrier 0-0: Foul Ball, location: 2F
0-1: Ball
1-1: DOUBLE (Line Drive, 78D, EV 111.2 MPH)
Batting: RHB Luis Tovar 0-0: Called Strike
0-1: DOUBLE (Flyball, 8LXD, EV 94.4 MPH)
Matt Berrier scores
Batting: LHB Ralph Braine 0-0: Called Strike
0-1: Ball
1-1: Swinging Strike
1-2: Foul Ball, location: 2F
1-2: Ball
2-2: Fly out, F9 (Flyball, 89D, EV 77.5 MPH)
Batting: RHB Ray Sims 0-0: Ball
1-0: Called Strike
1-1: Swinging Strike
1-2: Foul Ball, location: 2F
1-2: Foul Ball, location: 2F
1-2: SINGLE (Line Drive, 7LS, EV 96.2 MPH)
Luis Tovar to third
Runner from 3rd tries for Home, SAFE, throw by LF to home
Batting: RHB Daniel Jackson 0-0: Fielders Choice at 2nd, 6-4 (Groundball, 56D, EV 77.5 MPH)
Top of the 2nd over - 2 runs, 3 hits, 0 errors, 1 left on base; Baltimore (APP) 4 - Seattle (APP) 4
BOTTOM OF THE 2ND
Seattle (APP) Mariners batting - Pitching for Baltimore (APP) Orioles : RHP Jun-seok Pak
Batting: RHB Houston Brock 0-0: Called Strike
0-1: Foul Ball, location: 2F
0-2: Strikes out swinging
Batting: RHB Nick Edmunds 0-0: Ground out 5-3 (Groundball, 56, EV 83.8 MPH)
Batting: LHB Taki Matsui 0-0: Ball
1-0: Called Strike
1-1: Ball
2-1: Ball
3-1: Base on Balls
Batting: RHB Ivan Davila 0-0: Foul Ball, location: 2F
0-1: Foul Ball, location: 2F
0-2: Ball
1-2: Fielders Choice at 2nd, 6-4 (Groundball, 56, EV 76.2 MPH)
Bottom of the 2nd over - 0 runs, 0 hits, 0 errors, 1 left on base; Baltimore (APP) 4 - Seattle (APP) 4
TOP OF THE 3RD
Baltimore (APP) Orioles batting - Pitching for Seattle (APP) Mariners : RHP Raul Lopez
Batting: RHB Danny Baeza 0-0: Ball
1-0: Foul Ball, location: 2F
1-1: Foul Ball, location: 2F
1-2: Strikes out swinging
Batting: RHB Mike Zepeda 0-0: Ball
1-0: Ground out 4-3 (Groundball, 4S, EV 91.2 MPH)
Batting: RHB Steve Jones 0-0: Foul Ball, location: 2F
0-1: SINGLE (Line Drive, 4MD, EV 110.6 MPH)
Batting: RHB Tony Godley 0-0: Ball
1-0: Called Strike
1-1: Ball
2-1: Ball
3-1: Base on Balls
Steve Jones to second
Batting: RHB Matt Berrier 0-0: Ball
1-0: Ball
2-0: Swinging Strike
2-1: Foul Ball, location: 2F
2-2: Strikes out swinging
Top of the 3rd over - 0 runs, 1 hit, 0 errors, 2 left on base; Baltimore (APP) 4 - Seattle (APP) 4
BOTTOM OF THE 3RD
Seattle (APP) Mariners batting - Pitching for Baltimore (APP) Orioles : RHP Jun-seok Pak
Batting: SHB Tony Morales 0-0: Ball
1-0: Ball
2-0: Foul Ball, location: 2F
2-1: Foul Ball, location: 2F
2-2: Ball
3-2: Base on Balls
Batting: RHB Heihachiro Fujita 0-0: Called Strike
0-1: Called Strike
0-2: Strikes out looking
Batting: RHB Victor Rosas 0-0: Ball
1-0: Ball
2-0: Fielders Choice at 2nd, 5-4 (Groundball, 5L, EV 78.1 MPH)
Batting: LHB Brian Butler 0-0: Ground out 4-3 (Groundball, 4, EV 102.5 MPH)
Bottom of the 3rd over - 0 runs, 0 hits, 0 errors, 1 left on base; Baltimore (APP) 4 - Seattle (APP) 4
TOP OF THE 4TH
Baltimore (APP) Orioles batting - Pitching for Seattle (APP) Mariners : RHP Raul Lopez
Batting: RHB Luis Tovar 0-0: Ball
1-0: Called Strike
1-1: Called Strike
1-2: Strikes out swinging
Batting: LHB Ralph Braine 0-0: Foul Ball, location: 2F
0-1: Called Strike
0-2: SINGLE (Groundball, 4MD, EV 95.6 MPH)
Batting: RHB Ray Sims 0-0: Called Strike
0-1: Foul Ball, location: 2F
0-2: Foul Ball, location: 2F
0-2: Ball
1-2: Foul Ball, location: 2F
1-2: Foul Ball, location: 2F
1-2: Fielders Choice at 2nd, 6-4 (Groundball, 6, EV 81.2 MPH)
Batting: RHB Daniel Jackson 0-0: Ball
Ray Sims steals 2nd base
1-0: Ball
2-0: Swinging Strike
2-1: Ball
3-1: Foul Ball, location: 2F
3-2: Ground out 6-3 (Groundball, 6, EV 100.6 MPH)
Top of the 4th over - 0 runs, 1 hit, 0 errors, 1 left on base; Baltimore (APP) 4 - Seattle (APP) 4
BOTTOM OF THE 4TH
Seattle (APP) Mariners batting - Pitching for Baltimore (APP) Orioles : RHP Jun-seok Pak
Batting: RHB Jesus Santiago 0-0: Ball
1-0: Foul Ball, location: 2F
1-1: Swinging Strike
1-2: Strikes out swinging
Batting: RHB Houston Brock 0-0: Called Strike
0-1: Called Strike
0-2: Ball
1-2: SINGLE (Groundball, 5D, EV 95.6 MPH)
Batting: RHB Nick Edmunds 0-0: Called Strike
Houston Brock is caught stealing 2nd base 2-4
0-1: Foul Ball, location: 2F
0-2: Foul Ball, location: 2F
0-2: Ball
1-2: DOUBLE (Line Drive, 9LS, EV 97.5 MPH)
Pitching: RHP Frank Caillouet
Batting: LHB Taki Matsui 0-0: Ball
1-0: Ball
2-0: Ball
3-0: Base on Balls
Batting: RHB Ivan Davila 0-0: Ball
1-0: Ball
2-0: Called Strike
2-1: Swinging Strike
Passed Ball!
Nick Edmunds to third
Taki Matsui to second
2-2: Foul Ball, location: 2F
2-2: Foul Ball, location: 2F
2-2: Foul Ball, location: 2F
2-2: Ball
3-2: Foul Ball, location: 2F
3-2: Ground out 1-3 (Groundball, 15S, EV 61.2 MPH)
Bottom of the 4th over - 0 runs, 2 hits, 0 errors, 2 left on base; Baltimore (APP) 4 - Seattle (APP) 4
TOP OF THE 5TH
Baltimore (APP) Orioles batting - Pitching for Seattle (APP) Mariners : RHP Raul Lopez
Batting: RHB Danny Baeza 0-0: Ball
1-0: Swinging Strike
1-1: Ground out 5-3 (Groundball, 56S, EV 70.6 MPH)
Batting: RHB Mike Zepeda 0-0: Ball
1-0: Foul Ball, location: 2F
1-1: Ball
2-1: Ball
3-1: Base on Balls
Batting: RHB Steve Jones 0-0: Ball
1-0: Foul Ball, location: 2F
1-1: Ball
2-1: Called Strike
2-2: Fly out, F9 (Flyball, 9S, EV 92.5 MPH)
Batting: RHB Tony Godley 0-0: Foul Ball, location: 2F
0-1: Ball
1-1: Fly out, F9 (Flyball, 9LS, EV 92.5 MPH)
Top of the 5th over - 0 runs, 0 hits, 0 errors, 1 left on base; Baltimore (APP) 4 - Seattle (APP) 4
BOTTOM OF THE 5TH
Seattle (APP) Mariners batting - Pitching for Baltimore (APP) Orioles : RHP Frank Caillouet
Batting: SHB Tony Morales 0-0: Called Strike
0-1: Foul Ball, location: 2F
0-2: Strikes out swinging
Batting: RHB Heihachiro Fujita 0-0: Ball
1-0: Swinging Strike
1-1: Foul Ball, location: 2F
1-2: Foul Ball, location: 2F
1-2: Foul Ball, location: 2F
1-2: Ball
2-2: Foul Ball, location: 2F
2-2: Ball
3-2: Ground out 3-1 (Groundball, 34S, EV 66.2 MPH)
Batting: RHB Victor Rosas 0-0: Ball
1-0: Ball
2-0: Called Strike
2-1: Ground out 6-3 (Groundball, 6, EV 101.9 MPH)
Bottom of the 5th over - 0 runs, 0 hits, 0 errors, 0 left on base; Baltimore (APP) 4 - Seattle (APP) 4
TOP OF THE 6TH
Baltimore (APP) Orioles batting - Pitching for Seattle (APP) Mariners : RHP Raul Lopez
Pitching: LHP Adam Parrish
Batting: RHB Matt Berrier 0-0: Called Strike
0-1: Called Strike
0-2: Ball
1-2: Ball
2-2: Fly out, F6 (Line Drive, 6, EV 63.8 MPH)
Batting: RHB Luis Tovar 0-0: Foul Ball, location: 2F
0-1: SINGLE (Groundball, 56D, EV 96.9 MPH)
Batting: LHB Ralph Braine 0-0: Called Strike
0-1: Fielders Choice at 2nd, 2-6 (Groundball, 2R, EV 75.0 MPH)
Batting: RHB Ray Sims 0-0: Called Strike
0-1: Swinging Strike
0-2: Ball
1-2: Strikes out swinging
Top of the 6th over - 0 runs, 1 hit, 0 errors, 1 left on base; Baltimore (APP) 4 - Seattle (APP) 4
BOTTOM OF THE 6TH
Seattle (APP) Mariners batting - Pitching for Baltimore (APP) Orioles : RHP Frank Caillouet
Batting: LHB Brian Butler 0-0: Ball
1-0: Ball
2-0: Called Strike
2-1: Foul Ball, location: 2F
2-2: Strikes out swinging
Pitching: RHP Angel Gonzales
Batting: RHB Jesus Santiago 0-0: Swinging Strike
0-1: Swinging Strike
0-2: Strikes out looking
Batting: RHB Houston Brock 0-0: Called Strike
0-1: Swinging Strike
0-2: Ball
1-2: Strikes out swinging
Bottom of the 6th over - 0 runs, 0 hits, 0 errors, 0 left on base; Baltimore (APP) 4 - Seattle (APP) 4
TOP OF THE 7TH
Baltimore (APP) Orioles batting - Pitching for Seattle (APP) Mariners : LHP Adam Parrish
Pitching: RHP Ke-yong Khoo
Batting: RHB Daniel Jackson 0-0: Ball
1-0: Called Strike
1-1: Foul Ball, location: 2F
1-2: Fly out, F3 (Popup, 3S, EV 56.9 MPH)
Batting: RHB Danny Baeza 0-0: Ground out 6-3 (Groundball, 6, EV 80.6 MPH)
Batting: RHB Mike Zepeda 0-0: Ball
1-0: Ball
2-0: Foul Ball, location: 2F
2-1: Foul Ball, location: 2F
2-2: Strikes out swinging
Top of the 7th over - 0 runs, 0 hits, 0 errors, 0 left on base; Baltimore (APP) 4 - Seattle (APP) 4
BOTTOM OF THE 7TH
Seattle (APP) Mariners batting - Pitching for Baltimore (APP) Orioles : RHP Angel Gonzales
Batting: RHB Nick Edmunds 0-0: Called Strike
0-1: Ball
1-1: SINGLE (Line Drive, 7S, EV 87.5 MPH)
Pitching: LHP Roger Farley
Batting: LHB Taki Matsui 0-0: Called Strike
0-1: Ball
1-1: Ball
2-1: Ball
Balk!
Nick Edmunds to second
3-1: Base on Balls
Pitching: RHP Tim Bemish
Batting: RHB Ivan Davila 0-0: Ball
1-0: Ball
2-0: Foul Ball, location: 2F
2-1: Grounds into double play, 6-4-3 (Groundball, 6, EV 111.9 MPH)
Nick Edmunds to third
Batting: SHB Tony Morales 0-0: Called Strike
0-1: Foul Ball, location: 2F
0-2: Foul Ball, location: 2F
0-2: Ball
1-2: Foul Ball, location: 2F
1-2: Ball
2-2: Fly out, F2 (Popup, 2LF, EV 91.2 MPH)
Bottom of the 7th over - 0 runs, 1 hit, 0 errors, 1 left on base; Baltimore (APP) 4 - Seattle (APP) 4
TOP OF THE 8TH
Baltimore (APP) Orioles batting - Pitching for Seattle (APP) Mariners : RHP Ke-yong Khoo
Pitching: RHP Harry Hammons
Batting: RHB Steve Jones 0-0: Called Strike
0-1: Ball
1-1: Ground out 6-3 (Groundball, 6, EV 86.9 MPH)
Batting: RHB Tony Godley 0-0: Called Strike
0-1: Called Strike
0-2: Ball
1-2: Strikes out swinging
Batting: RHB Matt Berrier 0-0: Ball
1-0: Foul Ball, location: 2F
1-1: Swinging Strike
1-2: Ball
2-2: Ball
3-2: Strikes out looking
Top of the 8th over - 0 runs, 0 hits, 0 errors, 0 left on base; Baltimore (APP) 4 - Seattle (APP) 4
BOTTOM OF THE 8TH
Seattle (APP) Mariners batting - Pitching for Baltimore (APP) Orioles : RHP Tim Bemish
Pitching: RHP Jason Vigil
Batting: RHB Heihachiro Fujita 0-0: Called Strike
0-1: Swinging Strike
0-2: Strikes out swinging
Batting: RHB Victor Rosas 0-0: Ball
1-0: Called Strike
1-1: Ball
2-1: Swinging Strike
2-2: SINGLE (Line Drive, 8LS, EV 96.9 MPH)
Batting: LHB Brian Butler 0-0: Called Strike
Victor Rosas steals 2nd base
0-1: Ball
1-1: Swinging Strike
1-2: Strikes out swinging
Pinch Hitting: SHB Carlos Luna 0-0: Called Strike
0-1: Ball
1-1: Foul Ball, location: 2F
1-2: Foul Ball, location: 2F
1-2: Ground out 1-3 (Groundball, 15S, EV 65.0 MPH)
Bottom of the 8th over - 0 runs, 1 hit, 0 errors, 1 left on base; Baltimore (APP) 4 - Seattle (APP) 4
TOP OF THE 9TH
Baltimore (APP) Orioles batting - Pitching for Seattle (APP) Mariners : RHP Harry Hammons
Now at 3B: Ryan Clark
Batting: RHB Luis Tovar 0-0: Fly out, F7 (Flyball, 7D, EV 103.8 MPH)
Batting: LHB Ralph Braine 0-0: Ball
1-0: Called Strike
1-1: Foul Ball, location: 2F
1-2: Foul Ball, location: 2F
1-2: Foul Ball, location: 2F
1-2: Ball
2-2: Fly out, F3 (Popup, 23F, EV 86.2 MPH)
Batting: RHB Ray Sims 0-0: Foul Ball, location: 2F
0-1: Foul Ball, location: 2F
0-2: Ball
1-2: Foul Ball, location: 2F
1-2: Strikes out swinging
Top of the 9th over - 0 runs, 0 hits, 0 errors, 0 left on base; Baltimore (APP) 4 - Seattle (APP) 4
BOTTOM OF THE 9TH
Seattle (APP) Mariners batting - Pitching for Baltimore (APP) Orioles : RHP Jason Vigil
Pinch Hitting: RHB Ryan Criollo 0-0: Ground out 5-3 (Groundball, 5, EV 85.0 MPH)
Batting: RHB Nick Edmunds 0-0: Called Strike
0-1: Ball
1-1: Foul Ball, location: 2F
1-2: DOUBLE (Line Drive, 7LM, EV 106.9 MPH)
Batting: LHB Taki Matsui 0-0: Intentional Walk
Batting: RHB Ivan Davila 0-0: Called Strike
0-1: Ball
1-1: Foul Ball, location: 2F
1-2: Grounds into double play, U4-3 (Groundball, 6M, EV 90.0 MPH)
Bottom of the 9th over - 0 runs, 1 hit, 0 errors, 1 left on base; Baltimore (APP) 4 - Seattle (APP) 4
TOP OF THE 10TH
Baltimore (APP) Orioles batting - Pitching for Seattle (APP) Mariners : RHP Harry Hammons
Now in CF: Ryan Criollo
Batting: RHB Daniel Jackson 0-0: Called Strike
0-1: Ball
1-1: Called Strike
1-2: Ball
2-2: Strikes out swinging
Batting: RHB Danny Baeza 0-0: Foul Ball, location: 2F
0-1: Ground out 2-3 (Groundball, 15S, EV 65.6 MPH)
Batting: RHB Mike Zepeda 0-0: Called Strike
0-1: Ball
1-1: Foul Ball, location: 2F
1-2: Ball
2-2: Ball
3-2: Fly out, F8 (Flyball, 8LS, EV 82.5 MPH)
Top of the 10th over - 0 runs, 0 hits, 0 errors, 0 left on base; Baltimore (APP) 4 - Seattle (APP) 4
BOTTOM OF THE 10TH
Seattle (APP) Mariners batting - Pitching for Baltimore (APP) Orioles : RHP Jason Vigil
Pitching: LHP Randall Rennie
Batting: SHB Tony Morales 0-0: Ball
1-0: Called Strike
1-1: Foul Ball, location: 2F
1-2: Foul Ball, location: 2F
1-2: Strikes out swinging
Batting: RHB Heihachiro Fujita 0-0: Ball
1-0: Swinging Strike
1-1: Ball
2-1: Foul Ball, location: 2F
2-2: Ball
3-2: Foul Ball, location: 2F
3-2: Strikes out swinging
Batting: RHB Victor Rosas 0-0: Foul Ball, location: 2F
0-1: Foul Ball, location: 2F
0-2: Foul Ball, location: 2F
0-2: Strikes out looking
Bottom of the 10th over - 0 runs, 0 hits, 0 errors, 0 left on base; Baltimore (APP) 4 - Seattle (APP) 4
TOP OF THE 11TH
Baltimore (APP) Orioles batting - Pitching for Seattle (APP) Mariners : RHP Harry Hammons
Pitching: RHP Kieran Easton
Batting: RHB Steve Jones 0-0: Fly out, F7 (Flyball, 78S, EV 88.1 MPH)
Batting: RHB Tony Godley 0-0: Ball
1-0: Ball
2-0: Called Strike
2-1: Ball
3-1: Foul Ball, location: 2F
3-2: Base on Balls
Pinch Hitting: LHB Tomas de Zeeuw 0-0: Called Strike
Tony Godley steals 2nd base
0-1: Called Strike
0-2: Ball
1-2: Ball
2-2: Ball
3-2: Intentional Walk
Batting: RHB Luis Tovar 0-0: Foul Ball, location: 2F
0-1: Foul Ball, location: 2F
0-2: Ball
1-2: Strikes out swinging
Batting: LHB Ralph Braine 0-0: Ball
1-0: Foul Ball, location: 2F
1-1: Foul Ball, location: 2F
1-2: Strikes out looking
Top of the 11th over - 0 runs, 0 hits, 0 errors, 2 left on base; Baltimore (APP) 4 - Seattle (APP) 4
BOTTOM OF THE 11TH
Seattle (APP) Mariners batting - Pitching for Baltimore (APP) Orioles : LHP Randall Rennie
Now at 3B: Matt O'Dea
Pinch Hitting: RHB Chris Van Niel 0-0: Called Strike
0-1: Foul Ball, location: 2F
0-2: Ball
1-2: Strikes out looking
Batting: SHB Ryan Clark 0-0: Swinging Strike
0-1: Ball
1-1: Called Strike
1-2: Foul Ball, location: 2F
1-2: Ball
2-2: Strikes out swinging
Batting: RHB Ryan Criollo 0-0: Foul Ball, location: 2F
0-1: Ball
1-1: Foul Ball, location: 2F
1-2: Foul Ball, location: 2F
1-2: Ball
2-2: Ball
3-2: Foul Ball, location: 2F
3-2: Base on Balls
Pitching: RHP Oscar Chacon
Batting: RHB Nick Edmunds 0-0: Ball
Ryan Criollo steals 2nd base (no throw)
1-0: Foul Ball, location: 2F
1-1: Ball
2-1: Foul Ball, location: 2F
2-2: Foul Ball, location: 2F
2-2: Strikes out swinging
Bottom of the 11th over - 0 runs, 0 hits, 0 errors, 1 left on base; Baltimore (APP) 4 - Seattle (APP) 4
TOP OF THE 12TH
Baltimore (APP) Orioles batting - Pitching for Seattle (APP) Mariners : RHP Kieran Easton
Pitching: RHP Matt Lane
Now at SS: Chris Van Niel
Batting: RHB Ray Sims 0-0: SINGLE (Line Drive, 34D, EV 103.1 MPH)
Batting: RHB Daniel Jackson 0-0: Called Strike
0-1: SINGLE (Groundball, 6MD, EV 100.0 MPH)
Ray Sims to second
Runner from 2nd tries for 3rd, SAFE, throw by CF made to third
Batting: RHB Danny Baeza 0-0: Ball
1-0: Called Strike
1-1: Ball
2-1: Ground out 5-3 (Groundball, 56S, EV 70.0 MPH)
Daniel Jackson to second
Batting: RHB Mike Zepeda 0-0: DOUBLE (Line Drive, 7LM, EV 104.4 MPH)
Ray Sims scores
Daniel Jackson scores
Batting: RHB Steve Jones 0-0: Called Strike
0-1: Ball
1-1: Fly out, F3 (Line Drive, 3, EV 70.0 MPH)
Batting: RHB Tony Godley 0-0: Ball
1-0: SINGLE (Flyball, 8LS, EV 93.8 MPH)
Mike Zepeda to third
Runner from 3rd tries for Home, throw by CF and OUT! 8-2
Top of the 12th over - 2 runs, 4 hits, 0 errors, 1 left on base; Baltimore (APP) 6 - Seattle (APP) 4
BOTTOM OF THE 12TH
Seattle (APP) Mariners batting - Pitching for Baltimore (APP) Orioles : RHP Oscar Chacon
Batting: LHB Taki Matsui 0-0: Ball
1-0: Ball
2-0: Foul Ball, location: 2F
2-1: Ground out 6-3 (Groundball, 4, EV 101.2 MPH)
Batting: RHB Ivan Davila 0-0: Ball
1-0: Swinging Strike
1-1: Ball
2-1: Called Strike
2-2: Strikes out swinging
Batting: SHB Tony Morales 0-0: Called Strike
0-1: Ball
1-1: Swinging Strike
1-2: Strikes out swinging
Bottom of the 12th over - 0 runs, 0 hits, 0 errors, 0 left on base; Baltimore (APP) 6 - Seattle (APP) 4
Wednesday, June 22nd , 2022 - OOTP Baseball 23.4 Build 64